Cogmind - Beta 14 @@@ ROGUE MODE // 2024.12.06 @ 02:38:58 Player: abnormality Result: Self-destructed Performance ------------- Evolutions (1) 500 Regions Visited (2) 400 Robots Destroyed (14) 70 Value Destroyed (150) 150 Prototype IDs (0) 0 Alien Tech Used (0) 0 Bonus (0) 0 TOTAL SCORE: 1120 Bonus ------- None Cogmind --------- Core Integrity 275/400 Matter 283/300 Energy 250/250 System Corruption 0% Temperature Warm (188) Movement Core (500) Ox9 Location -9/Materials Parts ------- > --- POWER (1) -------- Ion Engine > --- PROPULSION (2) --- (None) > --- UTILITY (4) ------ Huge Storage Unit Weight Redist. System Terrain Scan Processor > --- WEAPON (2) ------- Assault Rifle > --- INVENTORY (25) --- Ion Engine Compact Wheel Small Storage Unit Large Storage Unit Medium Matter Pod (37) Sensor Array Hardened Light Armor Plating Shield Generator Small Laser Light Assault Rifle Shotgun Peak State ------------ > --- POWER ------------ Ion Engine > --- PROPULSION ------- Light Treads Light Treads > --- UTILITY ---------- Huge Storage Unit Weight Redist. System Structural Scanner Terrain Scan Processor > --- WEAPON ----------- EM Pulse Gun Beam Cannon > --- INVENTORY -------- Ion Engine Compact Wheel Small Storage Unit Large Storage Unit Medium Matter Pod Small Laser Assault Rifle Light Assault Rifle Shotgun [Rating: 12] Favorites ----------- Power Ion Engine Engine Ion Engine Propulsion Light Treads Treads Light Treads Wheel Compact Wheel Utility Huge Storage Unit Device Weight Redist. System Storage Huge Storage Unit Processor Terrain Scan Processor Weapon Beam Cannon Energy Gun EM Pulse Gun Energy Cannon Beam Cannon Ballistic Gun Light Assault Rifle Build | -11 -10 -9 ------- Run | Yrd Mat Mat Slots Evolved 2 | . . 2 Power . | . . . Propulsion . | . . . Utility 2 | . . 2 Weapon . | . . . Parts Attached 17 | 5 9 3 Power 1 | . 1 . Engine 1 | . 1 . Core . | . . . Reactor . | . . . Propulsion 5 | 2 3 . Treads 3 | . 3 . Leg . | . . . Wheel 2 | 2 . . Hover . | . . . Flight . | . . . Utility 6 | 1 3 2 Device 2 | . 1 1 Storage 3 | 1 2 . Processor 1 | . . 1 Hackware . | . . . Protection . | . . . Artifact . | . . . Weapon 5 | 2 2 1 Energy Gun 2 | 1 1 . Energy Cannon 1 | . 1 . Ballistic Gun 2 | 1 . 1 Ballistic Cannon . | . . . Launcher . | . . . Special Weapon . | . . . Impact Weapon . | . . . Slashing Weapon . | . . . Piercing Weapon . | . . . Special Melee Weapon . | . . . Unidentified Prototypes . | . . . Parts Lost 6 | . 1 5 Power . | . . . Propulsion 3 | . 1 2 Utility 1 | . . 1 Weapon 2 | . . 2 Highest Loss Streak 5 | . 1 5 To Critical Strikes . | . . . Average Slot Usage (%) 93 | . 91 95 Engine 10 | . 9 11 Treads 20 | . 19 20 Wheel 3 | . 6 . Device 14 | . 9 20 Storage 14 | . 16 11 Processor 4 | . . 11 Energy Gun 11 | . 14 8 Energy Cannon 9 | . 7 11 Ballistic Gun 4 | . 6 . Peak Build Rating 12 | 5 9 12 Average Rating 8 | 3 7 11 On Entrance 4 | . 5 9 Naked Turns . | . . . Heaviest Build 91 | 7 90 91 Greatest Support 46 | 26 46 46 Greatest Overweight (x) 5 | . 5 1 Average Overweight (x) . | . . 1 Largest Inventory Capacity 25 | 8 25 25 Average Capacity 21 | 7 20 25 Most Carried 12 | 5 10 12 Average Carried 7 | 2 6 10 Final Capacity 25 | 8 25 25 Final Carried 11 | 3 10 11 Class Distribution -------------------- 64% | Mutant 35% | Scavenger-Mutant Dominant Class ---------------- Mutant | -10/Materials Scavenger-Mutant | -9/Materials Resources | -11 -10 -9 ----------- Run | Yrd Mat Mat Matter Collected 392 | 215 165 12 Remotely . | . . . Salvage Created 326 | . 167 159 Parts 30 | . 14 16 Haulers Intercepted 1 | . 1 . Recyclers Shooed . | . . . Parts Field Recycled . | . . . Retrieved Matter . | . . . Parts Self-Destructed . | . . . Prevented . | . . . Kills | -11 -10 -9 ------- Run | Yrd Mat Mat Combat Hostiles Destroyed 9 | . 3 6 Guns 5 | . 3 2 Cannons 4 | . . 4 Classes Destroyed 6 | . 4 2 Worker 2 | . 2 . Builder 1 | . 1 . Hauler 1 | . 1 . Watcher 1 | . . 1 Swarmer 8 | . 3 5 Sentry 1 | . . 1 Best Kill Streak 4 | . 4 3 Combat Bots Only 3 | . 3 3 Max Kills in Single Turn 1 | . 1 1 Gunslinging . | . . . Exploded . | . . . Melee . | . . . Uniques/NPCs Destroyed . | . . . Combat | -11 -10 -9 -------- Run | Yrd Mat Mat Hostile Shots Fired 92 | . 20 72 Missed 18 | . 3 15 Damage Taken 800 | . 144 656 Core 161 | . 36 125 Absorbed by Shields . | . . . Core Remaining (%) 92 | 100 85 . Volleys Fired 46 | . 21 25 Largest 2 | . 2 2 Hottest 100 | . 100 100 Shots Fired 75 | . 42 33 Gun 49 | . 41 8 Cannon 26 | . 1 25 Launcher . | . . . Special . | . . . Kinetic 24 | . 20 4 Thermal 46 | . 21 25 Explosive . | . . . Electromagnetic 5 | . 1 4 Robot Hit Streak 8 | . 4 8 Robot Miss Streak 3 | . 3 2 Penetration Max . | . . . Secondary Targets 1 | . 1 . Max Gunslinging Chain 1 | . 1 . Shots Hit Robots 42 | . 20 22 Core Hits 18 | . 8 10 Critical Kills . | . . . Critical Parts Destroyed . | . . . Critical Strikes . | . . . Melee Attacks . | . . . Impact . | . . . Slashing . | . . . Piercing . | . . . Sneak Attacks . | . . . Combat Hostiles . | . . . Follow-up Attacks . | . . . Damage Inflicted 560 | . 206 354 Guns 274 | . 188 86 Cannons 286 | . 18 268 Explosions . | . . . Melee . | . . . Ramming . | . . . Kinetic 96 | . 61 35 Thermal 413 | . 145 268 Explosive . | . . . Electromagnetic 51 | . . 51 Impact . | . . . Slashing . | . . . Piercing . | . . . Highest Corruption . | . . . Average Corruption . | . . . Corruption Purged . | . . . Corruption Blocked . | . . . Overload Shots . | . . . Overflow Damage . | . . . Projectiles . | . . . Explosions . | . . . Melee . | . . . Knockbacks . | . . . Impact . | . . . Kinetic . | . . . Secondary . | . . . Self-Inflicted Damage . | . . . Shots . | . . . Rammed . | . . . Targets Rammed . | . . . Kicked . | . . . Crushed . | . . . Highest Temperature 188 | . 39 188 Average Temperature 46 | . 10 69 Received Heat Transfer 177 | . . 177 Siege Activations . | . . . Robots Corrupted . | . . . Combat Hostiles . | . . . Parts Fried . | . . . Impact Corruptions . | . . . Robots Melted . | . . . Combat Hostiles . | . . . Parts Melted 2 | . . 2 Heat Transferred 892 | . 337 555 Parts Sabotaged . | . . . Parts Stolen . | . . . Parts Stripped . | . . . Power Chain Reactions . | . . . Alert | -11 -10 -9 ------- Run | Yrd Mat Mat Peak Influence 159 | . 95 159 Initial 1 | . . 1 Average 40 | . 54 25 Maximum Alert Level . | . . . Low Security (%) 100 | 100 100 100 Level 1 . | . . . Level 2 . | . . . Level 3 . | . . . Level 4 . | . . . Level 5 . | . . . High Security . | . . . Max Security . | . . . Squads Dispatched 2 | . 1 1 Investigation 1 | . 1 . Extermination . | . . . Reinforcement 1 | . . 1 Assault . | . . . Garrison . | . . . Intercept . | . . . Searches Triggered . | . . . Construction Impeded . | . . . Haulers Reinforced . | . . . Active Scanning Responses . | . . . Cargo Convoy Interrupts . | . . . Stealth | -11 -10 -9 --------- Run | Yrd Mat Mat Distress Signals 2 | . . 2 Communications Jammed . | . . . Distress Signals . | . . . Times Spotted 23 | . 5 18 Peak Tracking Total 7 | . 4 7 Tactical Retreats 2 | . . 2 Traps | -11 -10 -9 ------- Run | Yrd Mat Mat Traps Triggered . | . . . Indirectly . | . . . Trap Hack Attempts . | . . . Triggered . | . . . Disarmed . | . . . Reprogrammed . | . . . Reused . | . . . Traps Extracted . | . . . Installed . | . . . Triggered . | . . . Machines | -11 -10 -9 ---------- Run | Yrd Mat Mat Machines Disabled . | . . . Max in Single Turn . | . . . Machines Repaired . | . . . Machines Dismantled . | . . . Machines Sabotaged . | . . . Overloaded Fab Kills . | . . . Hacking | -11 -10 -9 --------- Run | Yrd Mat Mat Machines Accessed 6 | . 5 1 Terminals 6 | . 5 1 Fabricators . | . . . Repair Stations . | . . . Recycling Units . | . . . Scanalyzers . | . . . Garrison Access . | . . . Total Hacks 18 | . 16 2 Successful 8 | . 6 2 Failed 9 | . 9 . Catastrophic 1 | . 1 . Database Lockouts 1 | . 1 . Manual . | . . . Terminals 18 | . 16 2 Fabricators . | . . . Repair Stations . | . . . Recycling Units . | . . . Scanalyzers . | . . . Garrison Access . | . . . Terminal Hacks 8 | . 6 2 Record 2 | . 2 . Robot Analysis 2 | . 1 1 Locate Traps 1 | . . 1 Dispatch Records 1 | . 1 . Hauler Manifests 1 | . 1 . Zone Layout 1 | . 1 . Fabricator Hacks . | . . . Repair Station Hacks . | . . . Recycling Unit Hacks . | . . . Scanalyzer . | . . . Garrison Access Hacks . | . . . Unauthorized Hacks . | . . . Terminals . | . . . Fabricators . | . . . Repair Stations . | . . . Recycling Units . | . . . Scanalyzers . | . . . Garrison Access . | . . . Data Cores Recovered . | . . . Used . | . . . Hacking Detections 5 | . 4 1 Full Trace Events 3 | . 3 . Feedback Events . | . . . Feedback Blocked . | . . . Robot Schematics Acquired . | . . . Robots Built . | . . . Authchips . | . . . Time . | . . . Total Robot Build Rating . | . . . Part Schematics Acquired . | . . . Parts Built . | . . . Authchips . | . . . Time . | . . . Total Part Build Rating . | . . . Parts Repaired . | . . . Time . | . . . Parts Recycled . | . . . Recycled Matter . | . . . Retrieved Matter . | . . . Retrieved Components . | . . . Parts Scanalyzed . | . . . Part Schematics Acquired . | . . . Parts Damaged . | . . . Bothacking | -11 -10 -9 ------------ Run | Yrd Mat Mat Used RIF Installer . | . . . Robots Hacked . | . . . Non-combat . | . . . Combat . | . . . Robot Hacks Applied . | . . . Relay Couplers Released . | . . . Fabnet Peak Effective % . | . . . Robots Rewired . | . . . Allies Hacked . | . . . Hacks Repelled . | . . . Allies | -11 -10 -9 -------- Run | Yrd Mat Mat Total Allies . | . . . Largest Group . | . . . Highest-Rated Group . | . . . Highest-Rated Ally . | . . . Total Orders . | . . . Ally Attacks . | . . . Total Damage . | . . . Kills . | . . . Allies Corrupted . | . . . Allies Melted . | . . . Intel | -11 -10 -9 ------- Run | Yrd Mat Mat Robot Analysis Total 2 | . 1 1 Derelict Logs Recovered . | . . . Drone Launches . | . . . Drone Recoveries . | . . . Exploration | -11 -10 -9 ------------- Run | Yrd Mat Mat Turns Passed 931 | 42 531 358 Spaces Moved 392 | 37 233 122 Core 9 | 9 . . Treads 258 | . 136 122 Legs . | . . . Wheels 125 | 28 97 . Hover . | . . . Flight . | . . . Fastest Speed 50 | 50 90 240 Average Speed 189 | 80 180 240 Slowest Speed 240 | 90 240 240 Overloaded Moves . | . . . Propulsion Burnouts . | . . . Robots Hopped . | . . . Cave-ins Triggered . | . . . Exploration Rate (%) 20 | 4 40 17 Regions Visited 2 Branch Regions . Pre-discovered Areas . | . . . Known Exits Taken . | . . . Unknown Exits Taken 2 | 1 1 . Scrap Searched . | . . . Spaces Dug . | . . . Terrain Destroyed . | . . . Melee . | . . . Projectile . | . . . AOE . | . . . Terrain Rammed . | . . . Walls Destroyed . | . . . Machines Disabled . | . . . Actions | -11 -10 -9 --------- Run | Yrd Mat Mat Total 506 | 49 303 154 Wait 31 | . 31 . Move 390 | 36 232 122 Hop . | . . . Pick Up 22 | 8 10 4 Fast Attach . | . . . Attach 11 | 5 3 3 Detach . | . . . Swap 6 | . 6 . Drop . | . . . Fire 46 | . 21 25 Melee . | . . . Ram . | . . . Kick . | . . . Crush . | . . . Escape Stasis . | . . . Rewire . | . . . Trap . | . . . Miscellaneous . | . . . Route ------- -11/Scrapyard -10/Materials -9/Materials (discovered 1 exit: [*Min]) History --------- Turn | Location | Event 20 | -11/Scrapyard | Discovered new exit (range 16) 43 | -11/Scrapyard | Entered Materials 242 | -10/Materials | Central database locked down 307 | -10/Materials | Build established: Mutant 451 | -10/Materials | Discovered new exit (range 14) 574 | -10/Materials | Entered another Materials area 574 | -9/Materials | Evolved 2 slots: Utility x2 840 | -9/Materials | Discovered new exit (range 16) 881 | -9/Materials | Build established: Scavenger-Mutant 932 | -9/Materials | Self-destructed Last Messages --------------- 00859_ Acquired 12 matter. 00867_ R-06 Scavenger collects Flight Unit. 00869_ W-16 Scout sends out distress signal. 00870_ R-06 Scavenger collects Lgt. Ion Engine. 00874_ S-10 Pest destroyed. 00875_ R-06 Scavenger collects Lgt. Ion Engine. 00876_ Signal Interpreter melted. 00876_ W-16 Scout destroyed. 00879_ Electrolysis Chamber disabled. 00882_ Structural Scanner destroyed. 00891_ K-01 Serf collects debris. 00905_ S-10 Pest destroyed. 00912_ Lgt. Treads destroyed. 00913_ Heat Sink melted. 00913_ Y-45 Defender destroyed. 00918_ Lgt. Treads destroyed. 00923_ S-10 Pest destroyed. 00926_ K-01 Serf collects debris. 00931_ Critical hit (Burn: +37). 00931_ Beam Cannon destroyed. Map ----- +----------------------------------------------------+ | | | | | | | | | | | | | | | | | ?????????????????????????????????????????????????? | | ?????????????????????????????????????????????????? | | ?????????????????????????????????????????????????? | | ?????????????????????????????????????????????????? | | ?????????????????????????????????????????????????? | | ?????????????????????????????????????????????????? | | ?????????????????????????????????????????????????? | | ?????????????????????????????????????????????????? | | ?????????????????????????????????????????????????? | | ????????????????????#?#/###??????????????????????? | | ????????????????????# s #??????????????????????? | | ????????????????????# """ #??????????????????????? | | ????????????????????# """g#??????????????????????? | | ????????????????????# """ #??????????????????????? | | ????????????????????# #??????????????????????? | | ????????????????????# #??????????????????????? | | ????????????????????# #??????????????????????? | | ????????????????????# "T"@#??????????????????????? | | ????????????????????# ![=######?????????????????? | | ????????????????????####s#######?????????????????? | | ????????????????????## *Y ##????????????????? | | ????????????????????## """ """ ##????????????????? | | ????????????????????## """ """ ##????????????????? | | ???????????????????? # """ " " ##????????????????? | | ???????????????????? # ##????????????????? | | ?????????????????? Yk= ##????????????????? | | ???????????? #=![ ##????????????????? | | ??????????? #### #=%[ ##????????????????? | | ?????????? #T#########/########## ??????????????? | | ????????? % ######## ??????????????? | | ?????????< + ??????????????? | | ????????? ##### ??????????????? | | ?????????? ########### ##### ???????????? | | ??????## ?############ ##+#########???????????? | | ??????## ??????????## ## "" ##???????????? | | ?????? # ??????????## ## ""S ##???????????? | | ?????? +^ + ????????## + "" # ???????????? | | ?????? # # ????????## ## # ???????????? | | ?????? # # ?????##### ## + ??????????? | | ??????## # ?????######+### """" # ???????????? | | ?????? # ######### # """" # ???????????? | | ?????? # ######### "" # """" ##???????????? | +----------------------------------------------------+ Best States ------------- Heat Dissipation 28 Energy Generation 10 Energy Capacity 250 Matter Stores 376 Matter Capacity 400 Sight Range 16 Terrain Scan Density 85 Additional Mass Support 6 Evasion (%) 42 Recoil Reduction 2 Item Schematics ----------------- None Robot Schematics ------------------ None Fabricated ------------ Nothing Alien Tech Used ----------------- None Achievements -------------- None Challenges ------------ None Game ------ Seed MomentumMobileMatter Manual? 0 Play Time 00:11:04 Cumulative 7.1 hours Start 2024.12.06 @ 02:28:48 End 2024.12.06 @ 02:38:58 Sessions 1 Manual Loads 0 Difficulty Rogue Special Mode None Game No. 41 Rogue 41 Adventurer 0 Explorer 0 Win Type - Total 0 Types 0/0/0/0/0/0/0/0/0 Lore% 8 Gallery% 14 Achievement% 16 Wizard Run 0 Options --------- Layout 0 ASCII 0 Keyboard 0 Movement Mouse Keybinds 0 Fullscreen 1 Font 18/Smallcaps Map View 38x25 Zoom Use 100% Tactical HUD 1 Map Filters NONE Filters NONE Steam 1 RUN: 85c20349-c66a-46b4-a238-57e816510db3